 Dungeon Crawl Stone Soup version 0.29-a0-1016-g236c7fd91e (webtiles) character file.

Game seed: 8230965882514472398

85 ytrimaz the Chopper (level 4, 0/35 HPs)
             Began as a Formicid Fighter on Aug 9, 2022.
             Slain by a phantom (6 damage)
             ... on level 5 of the Dungeon.
             The game lasted 00:01:59 (1914 turns).

ytrimaz the Chopper (Formicid Fighter)              Turns: 1914, Time: 00:01:59

Health: 0/35       AC:  9    Str: 23    XL:     4   Next: 75%
Magic:  4/4        EV:  9    Int:  7    God:
Gold:   141        SH:  0    Dex: 13    Spells: 3/3 levels left

rFire   . . .      SeeInvis +   a - +0 war axe
rCold   . . .      Faith    .   c - +0 buckler
rNeg    . . .      Spirit   .   b - +0 scale mail
rPois   .          Reflect  .   (helmet unavailable)
rElec   .          Harm     .   p - +1 cloak
rCorr   .          Rampage  .   (no gloves)
Will    .....                   (no boots)
Stlth   ..........              (no amulet)
HPRegen 0.11/turn               (no ring)
MPRegen 0.09/turn               (no ring)

@: confused, mighty
A: permanent stasis, dig shafts and tunnels, antennae 3, four strong arms
a: Dig, Shaft Self


You were on level 5 of the Dungeon.
You visited 1 branch of the dungeon, and saw 4 of its levels.

You collected 141 gold pieces.

Inventory:

Hand Weapons
 a - a +0 war axe (weapon)
Armour
 b - a +0 scale mail (worn)
 c - a +0 buckler (worn)
 p - a +1 cloak (worn)
Jewellery
 h - a ring of fire
 q - a ring of flight
Potions
 e - a potion of curing {unknown}
 f - a potion of heal wounds {unknown}
 g - a potion of lignification {unknown}
 j - a potion of mutation {unknown}
 k - a potion of magic {unknown}
 l - a potion of flight {unknown}
 o - a potion of degeneration {unknown}
 r - a potion of attraction {unknown}


   Skills:
 - Level 3.2 Fighting
 + Level 4.6 Axes
 - Level 3.2 Armour
 - Level 4.0 Shields


You had 3 spell levels left.
You didn't know any spells.
Your spell library contained the following spells:

 Spells                   Type           Power      Damage    Failure   Level
 Sandblast                Erth           0%         2d4       82%         1
 Passwall                 Tmut/Erth      0%         N/A       91%         2
 Stone Arrow              Conj/Erth      0%         3d7       99%         3
 Petrify                  Tmut/Erth      0%         N/A       100%        4
 Metabolic Englaciation   Hex/Ice        0%         N/A       100%        5
 Statue Form              Tmut/Erth      0%         N/A       100%        6


Dungeon Overview and Level Annotations

Branches:
Dungeon (3/15)

Altars:


Innate Abilities, Weirdness & Mutations

You cannot be hasted, slowed, berserked, paralysed or teleported.
You can dig through walls and to a lower floor.
You have a pair of large antennae on your head. (SInv)
Your four strong arms can wield two-handed weapons with a shield.


Message History

The orc barely misses you.
Unknown command.
You closely miss the orc wizard.
The orc wizard hits you but does no damage.
The orc hits you but does no damage.
You barely miss the orc wizard. The orc wizard casts a spell at you.
The magic dart hits you!
The orc hits you from afar with a +0 trident.
The phantom hits you but does no damage.
The orc hits you from afar with a +0 trident.
The orc wizard hits you with a +0 dagger.
You are too injured to fight recklessly!
Unknown command.
You are too injured to fight recklessly!
You hit the phantom but do no damage. You barely miss the orc wizard.
You block the orc wizard's attack.
The phantom hits you but does no damage.
The orc hits you from afar with a +0 trident.
* * * LOW HITPOINT WARNING * * *
You closely miss the phantom. You barely miss the orc wizard.
The orc wizard hits you but does no damage.
The phantom hits you.
* * * LOW HITPOINT WARNING * * *
The orc hits you but does no damage.
You are too injured to fight recklessly!
Unknown command.
Unknown command.
You feel very mighty all of a sudden.
The orc wizard hits you but does no damage.
The phantom hits you but does no damage.
The orc hits you but does no damage.
Unknown command.
You slash the phantom!
The phantom is heavily damaged.
You barely miss the orc wizard.
The orc wizard points at you and mumbles some strange words.
You are confused.
The phantom hits you.
You die...

#.!......#
#........#
..........
#....[....
#......... #.......#
#.W)o...# ##
######.@o....# #...
#...##.........
....##.#....###.....
#......#.....# #...
#......#..#.....# ..
###....#....#....##
. ...........#..#...
#....#.......#.##.
###........)...# .


You could see a phantom, an orc wizard (invisible) and an orc.

Vanquished Creatures
  An iguana (D:5)
  An adder (D:5)
  A dart slug (D:2)
  7 orcs
  An endoplasm (D:1)
  A giant cockroach (D:2)
  5 goblins
  5 hobgoblins
  3 jackals (D:3)
  3 kobolds
  2 quokkas
  4 ball pythons
  2 bats (D:1)
  A frilled lizard (D:1)
  3 rats
40 creatures vanquished.

Notes
Turn   | Place    | Note
-------+----------+-------------------------------------------
     0 | D:1      | ytrimaz the Formicid Fighter began the quest for the Orb.
     0 | D:1      | Reached XP level 1. HP: 18/18 MP: 1/1
     0 | D:1      | Noticed a minotaur skeleton
     3 | D:1      | Noticed a merfolk zombie
     6 | D:1      | Noticed a spriggan
     8 | D:1      | Noticed a vampire
    10 | D:1      | Noticed a demonspawn zombie
    18 | D:1      | Noticed a spriggan
   208 | D:1      | Reached XP level 2. HP: 23/24 MP: 2/2
   351 | D:1      | Found a faded altar of an unknown god.
  1013 | D:2      | Reached XP level 3. HP: 27/29 MP: 3/3
  1872 | D:3      | You fall into a shaft and drop 2 floors!
  1872 | D:5      | Entered Level 5 of the Dungeon
  1881 | D:5      | Reached XP level 4. HP: 35/35 MP: 4/4
  1905 | D:5      | Noticed a phantom
  1914 | D:5      | Slain by a phantom

Illustrated notes

Levels and vault maps discovered:
D:1:      shiori_arrival_whats_in_store_for_you, layout_basic,
          shapermc_ecumenical_altar_mp_highgroup, chequers_garden,
          minmay_misc_feat_secret_circle, hangedman_glass_teeth
D:2:      layout_loops_ring, guppyfry_early_orc_mine
D:3:      layout_loops_ring
D:5:      layout_rooms, minmay_temple_entry_gardened_gates,
          minmay_misc_feat_columns

Skill      XL: |  1  2  3 |
---------------+----------+-----
Axes           | 3 4 |  4.6
Fighting       | |  3.2
Armour         | |  3.2
Shields        | |  4.0

Action                   |  1- 3 |  4- 6 || total
-------------------------+-------+-------++-------
Melee: War axe           |    80 |    13 ||    93
  Use: Scroll            |     4 |       ||     4
       Potion            |       |     1 ||     1
Armor: Scale mail        |    49 |    10 ||    59
Dodge: Dodged            |    50 |     3 ||    53
Block: Buckler           |    24 |     3 ||    27

Table legend: (Time is in decaauts)
 A = Elapsed time spent in this place.
 B = Non-inter-level travel time spent in this place.
 C = Inter-level travel time spent in this place.
 D = Time resting spent in this place.
 E = Time spent auto-exploring this place.
 F = Levels seen in this place.
 G = Mean time per level.
                   A        B        C        D        E       F      G
               +--------+--------+--------+--------+--------+-----+--------+
         Total |   1946 |   1892 |     54 |      0 |   1541 |   4 |  486.5 |
       Dungeon |   1946 |   1892 |     54 |      0 |   1541 |   4 |  486.5 |
               +--------+--------+--------+--------+--------+-----+--------+

Top non-repeatable levels by time:
     D:2: 895 daAuts
     D:1: 839 daAuts
     D:3: 164 daAuts
     D:5: 46 daAuts
